cohdb
Replays
Latest Replays
All Replays
Popular Replays
Top Player Replays
Match Explorer
How It Works
Community
CoH3 Stats
Reddit
Sign in to upload your games and track your stats! →
Sign in with Steam
2v2 torrente
Match 21712341
Overview
Messages
Build Orders
End
Selects Air and Sea Battlegroup
Royal Engineer Section
Construct Section Command Post
Dingo Light Scout Car
Infantry Section
Selects Supply Surplus
Infantry Section
Vickers Machine Gun Team
Royal Engineer Section
Construct Platoon Command Post
Construct Field Infirmary
Grenade Package
Humber Armored Car
Vickers Machine Gun Team
Selects Centaur Medium Tank
Centaur Medium Tank
Vickers Machine Gun Team
Da sucka hunter
The Caliest Boy
Sidewinder
peace
0
0
Comments
sign in to comment!
No comments posted yet!